 Dungeon Crawl Stone Soup version 0.20-a0-947-g2784f4f (webtiles) character file.

93 kr4n3x the Conjurer (level 4, -15/24 HPs)
             Began as a Deep Elf Conjurer on Apr 2, 2017.
             Blown up by Ijyb (20 damage)
             ... with a wand of disintegration (?/24)
             ... on level 3 of the Dungeon.
             The game lasted 00:10:05 (2200 turns).

kr4n3x the Conjurer (Deep Elf Conjurer)             Turns: 2200, Time: 00:10:06

Health: -15/24     AC:  2    Str:  5    XL:     4   Next: 37%
Magic:  0/12       EV: 14    Int: 21    God:
Gold:   99         SH:  0    Dex: 15    Spells: 5/11 levels left

rFire    . . .     SeeInvis .   q - +1 spear
rCold    . . .     Gourm    .   (no shield)
rNeg     . . .     Faith    .   a - +0 robe
rPois    .         Spirit   .   (no helmet)
rElec    .         Reflect  .   (no cloak)
rCorr    .         Harm     .   (no gloves)
MR       .....                  (no boots)
Stlth    ++........             (no amulet)
Regen    0.1/turn               (no ring)
MPRegen  0.2/turn               (no ring)

@: no status effects
A: no striking features
a: no special abilities


You were on level 3 of the Dungeon.
You were not hungry.

You visited 1 branch of the dungeon, and saw 3 of its levels.

You collected 99 gold pieces.

Inventory:

Hand Weapons
 h - a -2 dagger
 q - a +1 spear (weapon)
Missiles
 e - 17 poisoned needles
Armour
 a - a +0 robe (worn)
 p - a +0 buckler
Jewellery
 m - an uncursed amulet of the gourmand {unknown}
Scrolls
 o - a scroll of teleportation
 t - a scroll of remove curse
Potions
 d - a potion of cancellation {unknown}
 f - a potion of flight {unknown}
 i - a potion of brilliance {unknown}
 n - a potion of agility {unknown}
 r - a potion of lignification {unknown}
 s - a potion of resistance {unknown}
Books
 b - a book of Conjurations

   Spells                             Type                      Level
   a - Magic Dart                     Conjuration                  1
   b - Searing Ray                    Conjuration                  2
   c - Dazzling Spray                 Conjuration/Hexes            3
   d - Fulminant Prism                Conjuration/Hexes            4
   e - Force Lance                    Conjuration/Translocation    4
   f - Iskenderun's Mystic Blast      Conjuration                  4
Comestibles
 c - 2 bread rations
 g - 5 fruits
 j - a royal jelly
 k - 3 meat rations
 l - 4 chunks of flesh


   Skills:
 + Level 3.5 Dodging
 - Level 2.4 Stealth
 + Level 4.0 Spellcasting
 * Level 5.4 Conjurations


You had 5 spell levels left.
You knew the following spells:

 Your Spells              Type           Power        Failure   Level  Hunger
a - Magic Dart            Conj           ####         1%          1    None
b - Searing Ray           Conj           ####..       1%          2    #......
c - Dazzling Spray        Conj/Hex       ###...       14%         3    ###....


Dungeon Overview and Level Annotations

Branches:
Dungeon (3/15)

Altars:

Annotations:
D:3 Ijyb


Message History

Ijyb is almost dead.
Ijyb hits you but does no damage.
You miss Ijyb.
Ijyb is almost dead.
Ijyb zaps a wand.
You are blasted!
Ouch! That really hurt!
* * * LOW HITPOINT WARNING * * *
It is a wand of disintegration (?/24).
You are too injured to fight recklessly!
Casting: Magic Dart
Confirm with . or Enter, or press ? or * to list all spells.
Aiming: Magic Dart
Press: ? - help, Shift-Dir - straight line, f/p - Ijyb
Aim: Ijyb, wearing a glowing leather armour and carrying a wand of disintegration (?/24) {zapped: 1} (almost dead)
The magic dart hits Ijyb.
Ijyb is almost dead.
Ijyb misses you.
Ijyb zaps a wand.
You are blasted!
Ouch! That really hurt!
You die...

#.# ## #.# ## #. #.#
#.. ## #. #.# #...###
#.. #. #<# +.. '..
+...#. ### #...##.##
#...##
+...'..g#########
#.....
#...##..8.8.8.8.# #....
# #.@........# #....
#..........# #....
#..........# #####
#..........# #
#.)........# #
#..8.8.8.8.# #
###########'###########
# #...............#
#...# #
#...............# #...#
#


You could see Ijyb.

Vanquished Creatures
  2 adders (D:2)
  2 worms
  A dart slug (D:1)
  A leopard gecko (D:1)
  A ball python (D:3)
  7 bats
  A giant cockroach (D:1)
  17 goblins
  10 hobgoblins
  4 jackals
  A quokka (D:3)
  5 frilled lizards
  3 kobolds (D:1)
  3 rats (D:1)
58 creatures vanquished.

Notes
Turn   | Place    | Note
-------+----------+-------------------------------------------
     0 | D:1      | kr4n3x the Deep Elf Conjurer began the quest for the Orb.
     0 | D:1      | Reached XP level 1. HP: 10/10 MP: 6/6
   192 | D:1      | Reached XP level 2. HP: 15/15 MP: 6/8
   196 | D:1      | Learned a level 2 spell: Searing Ray
   676 | D:1      | Reached XP level 3. HP: 18/19 MP: 6/10
   681 | D:1      | Learned a level 3 spell: Dazzling Spray
   690 | D:1      | Reached skill level 5 in Conjurations
  1519 | D:2      | Reached XP level 4. HP: 24/24 MP: 9/11
  2039 | D:3      | Noticed Ijyb
  2200 | D:3      | Blown up by Ijyb

Vault maps used:
D:1:      dpeg_arrival_rooms_b
D:3:      kennysheep_the_goblin_king, chequers_ecumenical_altar_lobes,
          first_bread, gup_sewer_entry_pipe, hangedman_decor_clover_reticule

Skill      XL: |  1  2  3  4 |
---------------+-------------+-----
Conjurations   | 5 |  5.4
Dodging        | 3 |  3.5
Spellcasting   | 4 |  4.0
Stealth        | |  2.4

Action                   |  1- 3 |  4- 6 || total
-------------------------+-------+-------++-------
Melee: Dagger            |     2 |       ||     2
       Spear             |       |     4 ||     4
 Cast: Magic Dart        |    84 |    45 ||   129
       Dazzling Spray    |       |     1 ||     1
  Use: Scroll            |     4 |     3 ||     7
  Eat: Chunk             |     2 |     2 ||     4
Armor: Robe              |       |     2 ||     2
Dodge: Dodged            |    11 |    11 ||    22
